 Dungeon Crawl Stone Soup version 0.29.0-11-gd7f09526c8 (webtiles) character file.

Game seed: 8666903437434549720

71 Theoretic the Shooter (level 3, -2/27 HPs)
             Began as a Demigod Arcane Marksman on Sept 7, 2022.
             Slain by a gnoll
             ... wielding a +0 spear
              (8 damage)
             ... on level 2 of the Dungeon.
             The game lasted 00:04:02 (1702 turns).

Theoretic the Shooter (Demigod Arcane Marksman)     Turns: 1702, Time: 00:04:03

Health: -2/27      AC:  5    Str: 15    XL:     3   Next: 79%
Magic:  6/6        EV: 11    Int: 15    God:
Gold:   38         SH:  0    Dex: 14    Spells: 3/4 levels left

rFire   . . .      SeeInvis .   b - +10 morningstar "Eos" {elec, Halo rElec}
rCold   . . .      Faith    .   (no shield)
rNeg    . . .      Spirit   .   o - +0 ring mail
rPois   .          Reflect  .   (no helmet)
rElec   +          Harm     .   (no cloak)
rCorr   +          Rampage  .   (no gloves)
Will    .....                   (no boots)
Stlth   +.........              (no amulet)
HPRegen 0.09/turn               n - ring of resist corrosion
MPRegen 0.10/turn               (no ring)

@: glowing
A: high MP 1, forlorn, divine attributes
a: no special abilities


You were on level 2 of the Dungeon.
You visited 1 branch of the dungeon, and saw 2 of its levels.

You collected 38 gold pieces.

Inventory:

Hand Weapons
 a - a +1 sling
 b - the +10 morningstar "Eos" (weapon) {elec, Halo rElec}
   (You found it on level 2 of the Dungeon)

   It occasionally discharges a powerful burst of electricity upon striking a
   foe.
   It grants its wielder a halo, revealing invisible creatures and increasing
   accuracy against all within it other than the wielder.
   rElec:     It insulates you from electricity.
Armour
 m - a +0 robe
 o - a +0 ring mail (worn)
Magical Staves
 c - a staff of poison
Jewellery
 g - a ring of ice
 n - a ring of resist corrosion (left hand)
Scrolls
 f - a scroll of magic mapping {unknown}
 i - a scroll of identify {unknown}
 j - a scroll of fog {unknown}
 k - 2 scrolls of poison
Potions
 d - a potion of resistance {unknown}
 e - 2 potions of berserk rage {unknown}
 h - a potion of curing {unknown}
 l - a potion of heal wounds {unknown}


   Skills:
 - Level 0.8 Fighting
 + Level 1.4 Maces & Flails
 + Level 3.5 Ranged Weapons
 - Level 1.7 Dodging
 - Level 1.0 Spellcasting
 - Level 2.6 Hexes


You had 3 spell levels left.
You knew the following spells:

 Your Spells              Type           Power      Damage    Failure   Level
a - Slow                  Hex            32%        N/A       16%         1

Your spell library contained the following spells:

 Spells                   Type           Power      Damage    Failure   Level
 Inner Flame              Hex/Fire       4%         N/A       63%         3
 Portal Projectile        Hex/Tloc       8%         N/A       63%         3
 Cause Fear               Hex            4%         N/A       85%         4


Dungeon Overview and Level Annotations

Branches:
Dungeon (2/15)


Innate Abilities, Weirdness & Mutations

You have an increased reservoir of magic. (+10% MP)
You shall have no god before yourself.
Your divine heritage dramatically boosts your attributes as you level up.


Message History

You finish taking off your +0 robe.
You start putting on your armour.
You continue putting on your +0 ring mail. x5
You finish putting on your +0 ring mail.
A gnoll comes into view. It is wielding a +0 flail.
You shoot a sling bullet.
The sling bullet barely misses the gnoll.
You hear a shout! x2
A gnoll comes into view. It is wielding a +0 halberd.
You hear the crackle of electricity.
b - the +10 morningstar "Eos" (weapon)
{elec, Halo rElec} A rat comes into view.
The gnoll hits you with a +0 flail!
You puncture the gnoll!
The gnoll is severely wounded.
The gnoll hits you from afar with a +0 halberd!
* * * LOW HITPOINT WARNING * * *
The gnoll closely misses you.
You bludgeon the gnoll!!
You kill the gnoll!
The gnoll closely misses you. The gnoll closely misses you.
Things that are here:
a +0 flail; a gnoll corpse You puncture the gnoll!
Lightning courses through the gnoll!!
You kill the gnoll!
The rat completely misses you.
You sock the rat! Lightning courses through the rat!
You kill the rat!
A gnoll comes into view. It is wielding a +0 spear.
You see here a +0 halberd.
The gnoll shouts!
Things that are here:
a +0 flail; a gnoll corpse The gnoll hits you but does no damage.
You see here a +0 halberd.
You puncture the gnoll!
The gnoll is severely wounded.
The gnoll barely misses you. The gnoll hits you with a +0 spear!
You die...

## .. .# ###.## #....
#..†# ### #...#
..########.#########.#
..#.......#†...)@g...#
..#.######.#######.###
....# #.# .# ..### #.#
.# .## #.# g# .####
#.. .r ..... ..# ##
.#### ### .#


You could see a gnoll.

Vanquished Creatures
  2 gnolls (D:2)
  An adder (D:2)
  A worm (D:2)
  A dart slug (D:1)
  4 endoplasms
  5 giant cockroaches (D:1)
  2 hobgoblins
  2 kobolds (D:1)
  A quokka (D:1)
  3 ball pythons (D:2)
  2 bats (D:1)
  3 frilled lizards
  6 goblins
  3 rats
36 creatures vanquished.

Notes
Turn   | Place    | Note
-------+----------+-------------------------------------------
     0 | D:1      | Theoretic the Demigod Arcane Marksman began the quest for
                  | the Orb.
     0 | D:1      | Reached XP level 1. HP: 15/15 MP: 4/4
    24 | D:1      | Reached skill level 2 in Ranged Weapons
   331 | D:1      | Reached XP level 2. HP: 22/22 MP: 5/5
   578 | D:1      | Reached skill level 3 in Ranged Weapons
  1404 | D:2      | Found the +10 morningstar "Eos" {elec, Halo rElec}
  1553 | D:2      | Reached XP level 3. HP: 27/27 MP: 6/6
  1646 | D:2      | Reached skill level 1 in Maces & Flails
  1702 | D:2      | Slain by a gnoll

Illustrated notes

Levels and vault maps discovered:
D:1:      enne_arrival_octagon_isle, layout_basic,
          shapermc_ecumenical_altar_mp_vishouse, minmay_misc_feat_x,
          minmay_worlds_worst_comb
D:2:      layout_loops_ring, basic_altar

Skill      XL: |  1  2  3 |
---------------+----------+-----
Ranged Weapons | 2 3 |  3.5
Maces & Flails | 1 |  1.4
Fighting       | |  0.8
Dodging        | |  1.7
Spellcasting   | |  1.0
Hexes          | |  2.6

Action                   || total
-------------------------++-------
Melee: Morningstar       ||     5
 Fire: Sling             ||   122
 Cast: Slow              ||     2
Armor: Robe              ||    13
       Ring mail         ||     1
Dodge: Dodged            ||    45
